TOP OF THE 1ST |
Athletic Club KC U-21 batting - Pitching for Greenport Harbor Whales : RHP Juan Salazar
|
Pitching: RHP Juan Salazar
|
|
Batting: RHB Claudio Ynegas
|
0-0: Ball 1-0: Ground out 5-3 (Groundball, 56, EV 104.4 MPH)
|
Batting: LHB Les Lumsden
|
0-0: SINGLE (Groundball, 25, EV 68.8 MPH) (infield hit)
|
Batting: RHB Ron Drinkwater
|
0-0: Ball 1-0: Fly out, F7 (Flyball, 78M, EV 74.4 MPH)
|
Batting: RHB Tony Rivera
|
0-0: Called Strike 0-1: Foul Ball, location: 2F 0-2: Ball 1-2: Ground out 5-3 (Groundball, 56, EV 100.6 MPH)
|
Top of the 1st over - 0 runs, 1 hit, 0 errors, 1 left on base; Athletic Club KC 0 - Greenport 0 |
BOTTOM OF THE 1ST |
Greenport Harbor Whales batting - Pitching for Athletic Club KC U-21 : RHP Nalle Sijne
|
Pitching: RHP Nalle Sijne
|
|
Batting: SHB Millard Blanchard
|
0-0: Ball 1-0: Called Strike 1-1: Foul Ball, location: 2F 1-2: Ground out 6-3 (Groundball, 6, EV 85.6 MPH)
|
Batting: LHB Miguel Tobías
|
0-0: Ball 1-0: Called Strike 1-1: Foul Ball, location: 2F 1-2: Ball 2-2: Foul Ball, location: 2F 2-2: Foul Ball, location: 2F 2-2: Foul Ball, location: 2F 2-2: Ball 3-2: Ground out 5-3 (Groundball, 5, EV 102.5 MPH)
|
Batting: RHB Colm Reyes
|
0-0: Ball 1-0: Foul Ball, location: 2F 1-1: Foul Ball, location: 2F 1-2: SINGLE (Line Drive, 3L, EV 98.1 MPH)
|
Batting: LHB Júlio Romano
|
0-0: Ground out 4-3 (Groundball, 4, EV 85.0 MPH)
|
Bottom of the 1st over - 0 runs, 1 hit, 0 errors, 1 left on base; Athletic Club KC 0 - Greenport 0 |
TOP OF THE 2ND |
Athletic Club KC U-21 batting - Pitching for Greenport Harbor Whales : RHP Juan Salazar
|
Batting: RHB Héctor Aranda
|
0-0: Foul Ball, location: 2F 0-1: Swinging Strike 0-2: Ball 1-2: Ball 2-2: Strikes out swinging
|
Batting: RHB Sébastien Laurent
|
0-0: Foul Ball, location: 2F 0-1: Ball 1-1: Swinging Strike 1-2: SINGLE (Groundball, 6M, EV 98.1 MPH)
|
Batting: LHB Xiang-ling Zhou
|
0-0: Swinging Strike 0-1: Foul Ball, location: 2F 0-2: SINGLE (Line Drive, 5D, EV 98.1 MPH) Sébastien Laurent to second
|
Batting: RHB Camillo Scalfaro
|
0-0: Ball 1-0: Ball 2-0: Foul Ball, location: 2F 2-1: Ball 3-1: Base on Balls Sébastien Laurent to third Xiang-ling Zhou to second
|
Batting: LHB Ronald Clark
|
0-0: Called Strike 0-1: Ball 1-1: Fly out, F8 (Line Drive, 8LD, EV 90.0 MPH) Runner from 3rd tags up, SCORES, throw by CF Xiang-ling Zhou to third
|
Batting: RHB Claudio Ynegas
|
0-0: Swinging Strike 0-1: Foul Ball, location: 2F 0-2: Fielders Choice at 2nd, 6-4 (Groundball, 6, EV 88.8 MPH)
|
Top of the 2nd over - 1 run, 2 hits, 0 errors, 2 left on base; Athletic Club KC 1 - Greenport 0 |
BOTTOM OF THE 2ND |
Greenport Harbor Whales batting - Pitching for Athletic Club KC U-21 : RHP Nalle Sijne
|
Batting: RHB Rikyu Sakurai
|
0-0: Ball 1-0: Foul Ball, location: 2F 1-1: Fly out, F7 (Flyball, 78M, EV 81.9 MPH)
|
Batting: RHB Pepe González
|
0-0: Called Strike 0-1: Ball 1-1: Foul Ball, location: 2F 1-2: Ball 2-2: Foul Ball, location: 2F 2-2: Ball 3-2: Fly out, F9 (Flyball, 9D, EV 107.5 MPH)
|
Batting: RHB Scott Miller
|
0-0: Ball 1-0: Foul Ball, location: 2F 1-1: Called Strike 1-2: Ground out 3-1 (Groundball, 34S, EV 78.1 MPH)
|
Bottom of the 2nd over - 0 runs, 0 hits, 0 errors, 0 left on base; Athletic Club KC 1 - Greenport 0 |
TOP OF THE 3RD |
Athletic Club KC U-21 batting - Pitching for Greenport Harbor Whales : RHP Juan Salazar
|
Batting: LHB Les Lumsden
|
0-0: Ball 1-0: Fly out, F7 (Line Drive, 7, EV 101.9 MPH)
|
Batting: RHB Ron Drinkwater
|
0-0: Ball 1-0: Ball 2-0: Ball 3-0: Called Strike 3-1: Fly out, F4 (Popup, 4M, EV 74.4 MPH)
|
Batting: RHB Tony Rivera
|
0-0: Ground out 4-3 (Groundball, 34, EV 79.4 MPH)
|
Top of the 3rd over - 0 runs, 0 hits, 0 errors, 0 left on base; Athletic Club KC 1 - Greenport 0 |
BOTTOM OF THE 3RD |
Greenport Harbor Whales batting - Pitching for Athletic Club KC U-21 : RHP Nalle Sijne
|
Batting: RHB Jerrel van Katwijk
|
0-0: Ball 1-0: Swinging Strike 1-1: Fly out, F9 (Flyball, 89S, EV 86.9 MPH)
|
Batting: RHB Juan Miranda
|
0-0: Called Strike 0-1: Ball 1-1: Ball 2-1: Ball 3-1: Called Strike 3-2: Base on Balls
|
Batting: SHB Millard Blanchard
|
0-0: Ball 1-0: Ball 2-0: Ball 3-0: Called Strike 3-1: Base on Balls Juan Miranda to second
|
Batting: LHB Miguel Tobías
|
0-0: Called Strike 0-1: Ball 1-1: Ball 2-1: Ball 3-1: Foul Ball, location: 2F 3-2: Foul Ball, location: 2F 3-2: Foul Ball, location: 2F 3-2: Strikes out swinging
|
Batting: RHB Colm Reyes
|
0-0: Called Strike 0-1: SINGLE (Groundball, 56S, EV 62.5 MPH) (infield hit) Juan Miranda to third Millard Blanchard to second
|
Batting: LHB Júlio Romano
|
0-0: Called Strike 0-1: Ball 1-1: Ball 2-1: Called Strike 2-2: Foul Ball, location: 2F 2-2: Ball 3-2: SINGLE (Groundball, 6D, EV 96.2 MPH) Juan Miranda scores Millard Blanchard to third Colm Reyes to second Millard Blanchard scores Colm Reyes to third
|
Batting: RHB Rikyu Sakurai
|
0-0: Called Strike 0-1: Foul Ball, location: 2F 0-2: Ball 1-2: Strikes out swinging
|
Bottom of the 3rd over - 2 runs, 2 hits, 0 errors, 2 left on base; Athletic Club KC 1 - Greenport 2 |
TOP OF THE 4TH |
Athletic Club KC U-21 batting - Pitching for Greenport Harbor Whales : RHP Juan Salazar
|
Batting: RHB Héctor Aranda
|
0-0: Fly out, F7 (Flyball, 7D, EV 108.8 MPH)
|
Batting: RHB Sébastien Laurent
|
0-0: Fly out, F4 (Popup, 34D, EV 53.1 MPH)
|
Batting: LHB Xiang-ling Zhou
|
0-0: Ball 1-0: Foul Ball, location: 2F 1-1: Ball 2-1: Ball 3-1: Called Strike 3-2: Strikes out swinging
|
Top of the 4th over - 0 runs, 0 hits, 0 errors, 0 left on base; Athletic Club KC 1 - Greenport 2 |
BOTTOM OF THE 4TH |
Greenport Harbor Whales batting - Pitching for Athletic Club KC U-21 : RHP Nalle Sijne
|
Batting: RHB Pepe González
|
0-0: Ball 1-0: Fly out, F7 (Flyball, 78S, EV 80.6 MPH)
|
Batting: RHB Scott Miller
|
0-0: Ball 1-0: Ball 2-0: Called Strike 2-1: Ground out U3 (Groundball, 34, EV 101.9 MPH)
|
Batting: RHB Jerrel van Katwijk
|
0-0: Called Strike 0-1: Ball 1-1: Foul Ball, location: 2F 1-2: Ground out 6-3 (Groundball, 6, EV 93.8 MPH)
|
Bottom of the 4th over - 0 runs, 0 hits, 0 errors, 0 left on base; Athletic Club KC 1 - Greenport 2 |
TOP OF THE 5TH |
Athletic Club KC U-21 batting - Pitching for Greenport Harbor Whales : RHP Juan Salazar
|
Batting: RHB Camillo Scalfaro
|
0-0: Ball 1-0: Ball 2-0: Ball 3-0: Called Strike 3-1: Swinging Strike 3-2: Foul Ball, location: 2F 3-2: Foul Ball, location: 2F 3-2: Base on Balls
|
Batting: LHB Ronald Clark
|
0-0: Ball 1-0: Foul Ball, location: 2F 1-1: Foul Ball, location: 2F 1-2: Fly out, F7 (Flyball, 7LM, EV 85.6 MPH)
|
Batting: RHB Claudio Ynegas
|
0-0: Grounds into double play, 6-4-3 (Groundball, 6, EV 78.1 MPH)
|
Top of the 5th over - 0 runs, 0 hits, 0 errors, 0 left on base; Athletic Club KC 1 - Greenport 2 |
BOTTOM OF THE 5TH |
Greenport Harbor Whales batting - Pitching for Athletic Club KC U-21 : RHP Nalle Sijne
|
Pitching: RHP Jim Howell
|
|
Batting: RHB Juan Miranda
|
0-0: Ball 1-0: Ball 2-0: Ball 3-0: Called Strike 3-1: Base on Balls
|
Batting: SHB Millard Blanchard
|
0-0: Ball 1-0: Sac Bunt to 25 - play at first, batter safe! Juan Miranda to second
|
Batting: LHB Miguel Tobías
|
0-0: Bunt missed! 0-1: Sac Bunt to 15 - play at first, batter OUT! 1-4 Juan Miranda to third Millard Blanchard to second
|
Batting: RHB Colm Reyes
|
0-0: Called Strike 0-1: Foul Ball, location: 2F 0-2: Strikes out swinging
|
Batting: LHB Júlio Romano
|
0-0: Swinging Strike 0-1: Ball 1-1: Ball 2-1: Swinging Strike 2-2: Ball 3-2: Ground out 1-3 (Groundball, 23, EV 65.6 MPH)
|
Bottom of the 5th over - 0 runs, 1 hit, 0 errors, 2 left on base; Athletic Club KC 1 - Greenport 2 |
TOP OF THE 6TH |
Athletic Club KC U-21 batting - Pitching for Greenport Harbor Whales : RHP Juan Salazar
|
Batting: LHB Les Lumsden
|
0-0: Ball 1-0: Ball 2-0: Ball 3-0: Base on Balls
|
Batting: RHB Ron Drinkwater
|
0-0: Ball 1-0: Ball 2-0: Ball 3-0: Base on Balls Les Lumsden to second
|
Pinch Hitting: SHB Roberto Xochicale
|
0-0: Fly out, F6 (Flyball, 56D, EV 75.6 MPH)
|
Batting: RHB Héctor Aranda
|
0-0: Ball 1-0: Foul Ball, location: 2F 1-1: Swinging Strike 1-2: Ball 2-2: Ball 3-2: Fielders Choice at 2nd, 6-4 (Groundball, 6, EV 89.4 MPH) Les Lumsden to third
|
Pinch Hitting: SHB Carlos Román
|
0-0: Ball Héctor Aranda steals 2nd base 1-0: Called Strike 1-1: Ball 2-1: Foul Ball, location: 2F 2-2: Fly out, F6 (Line Drive, 6, EV 70.0 MPH)
|
Top of the 6th over - 0 runs, 0 hits, 0 errors, 2 left on base; Athletic Club KC 1 - Greenport 2 |
BOTTOM OF THE 6TH |
Greenport Harbor Whales batting - Pitching for Athletic Club KC U-21 : RHP Jim Howell
|
Now at 1B: Roberto Xochicale
|
|
Now in LF: Carlos Román
|
|
Batting: RHB Rikyu Sakurai
|
0-0: Called Strike 0-1: Ball 1-1: Ground out 3-1 (Groundball, 34S, EV 83.8 MPH)
|
Batting: RHB Pepe González
|
0-0: Swinging Strike 0-1: Swinging Strike 0-2: Ball 1-2: Strikes out swinging
|
Batting: RHB Scott Miller
|
0-0: Called Strike 0-1: Ball 1-1: Ball 2-1: Ball 3-1: Called Strike 3-2: Foul Ball, location: 2F 3-2: Foul Ball, location: 2F 3-2: Base on Balls
|
Pitching: RHP Milton Loughens
|
|
Batting: RHB Jerrel van Katwijk
|
0-0: Foul Ball, location: 2F 0-1: Foul Ball, location: 2F 0-2: Ball 1-2: Ball 2-2: Ball 3-2: Foul Ball, location: 2F 3-2: Fly out, F9 (Flyball, 9LM, EV 76.9 MPH)
|
Bottom of the 6th over - 0 runs, 0 hits, 0 errors, 1 left on base; Athletic Club KC 1 - Greenport 2 |
TOP OF THE 7TH |
Athletic Club KC U-21 batting - Pitching for Greenport Harbor Whales : RHP Juan Salazar
|
Batting: LHB Xiang-ling Zhou
|
0-0: Ball 1-0: Ball 2-0: Ball 3-0: Called Strike 3-1: Base on Balls
|
Batting: LHB Jesús Morales
|
0-0: Ball 1-0: Foul Ball, location: 2F 1-1: Swinging Strike 1-2: Ball 2-2: Foul Ball, location: 2F 2-2: Ball 3-2: Grounds into double play, 6-4-3 (Groundball, 6, EV 90.6 MPH)
|
Batting: LHB Ronald Clark
|
0-0: Ball 1-0: Ball 2-0: Ball 3-0: Foul Ball, location: 2F 3-1: Ground out 4-3 (Groundball, 4D, EV 100.0 MPH)
|
Top of the 7th over - 0 runs, 0 hits, 0 errors, 0 left on base; Athletic Club KC 1 - Greenport 2 |
BOTTOM OF THE 7TH |
Greenport Harbor Whales batting - Pitching for Athletic Club KC U-21 : RHP Milton Loughens
|
Batting: RHB Juan Miranda
|
0-0: Foul Ball, location: 2F 0-1: Called Strike 0-2: Strikes out swinging, 2-3 out at first.
|
Batting: SHB Millard Blanchard
|
0-0: Ball 1-0: Swinging Strike 1-1: Ball 2-1: Ball 3-1: Base on Balls
|
Batting: LHB Miguel Tobías
|
0-0: Called Strike Millard Blanchard is caught stealing 2nd base 2-6 0-1: Foul Ball, location: 5F, Error on foul ball, E5 0-2: Ball 1-2: Ball 2-2: Foul Ball, location: 2F 2-2: Ball 3-2: Base on Balls
|
Batting: RHB Colm Reyes
|
0-0: Ball 1-0: Ball 2-0: Called Strike 2-1: Ball 3-1: Foul Ball, location: 2F 3-2: Base on Balls Miguel Tobías to second
|
Batting: LHB Júlio Romano
|
0-0: Ground out U3 (Groundball, 3L, EV 85.6 MPH)
|
Bottom of the 7th over - 0 runs, 0 hits, 1 error, 2 left on base; Athletic Club KC 1 - Greenport 2 |
TOP OF THE 8TH |
Athletic Club KC U-21 batting - Pitching for Greenport Harbor Whales : RHP Juan Salazar
|
Pitching: LHP Christian Martin
|
|
Batting: RHB Claudio Ynegas
|
0-0: Foul Ball, location: 2F 0-1: Ball 1-1: Ball 2-1: Ball 3-1: Called Strike 3-2: Strikes out swinging
|
Batting: LHB Les Lumsden
|
0-0: Fly out, F8 (Flyball, 8LD, EV 101.9 MPH)
|
Batting: RHB Ron Drinkwater
|
0-0: Ball 1-0: Ball 2-0: Ball 3-0: Called Strike 3-1: Fly out, F7 (Line Drive, 7, EV 103.8 MPH)
|
Top of the 8th over - 0 runs, 0 hits, 0 errors, 0 left on base; Athletic Club KC 1 - Greenport 2 |
BOTTOM OF THE 8TH |
Greenport Harbor Whales batting - Pitching for Athletic Club KC U-21 : RHP Milton Loughens
|
Batting: RHB Rikyu Sakurai
|
0-0: Called Strike 0-1: Ball 1-1: Called Strike 1-2: Ball 2-2: Ball 3-2: Foul Ball, location: 2F 3-2: Base on Balls
|
Batting: RHB Pepe González
|
0-0: Called Strike 0-1: Foul Ball, location: 2F 0-2: Ball 1-2: Fielders Choice at 2nd, 5-4 (Groundball, 56, EV 86.9 MPH)
|
Batting: RHB Scott Miller
|
0-0: Called Strike 0-1: Called Strike Pepe González is caught stealing 2nd base 2-4 0-2: Foul Ball, location: 2F 0-2: Ball 1-2: Ball 2-2: Ball 3-2: Strikes out swinging
|
Bottom of the 8th over - 0 runs, 0 hits, 0 errors, 0 left on base; Athletic Club KC 1 - Greenport 2 |
TOP OF THE 9TH |
Athletic Club KC U-21 batting - Pitching for Greenport Harbor Whales : LHP Christian Martin
|
Pitching: RHP Edgar García
|
|
Batting: SHB Roberto Xochicale
|
0-0: Ball 1-0: Called Strike 1-1: Swinging Strike 1-2: DOUBLE (Line Drive, 78M, EV 111.9 MPH)
|
Batting: RHB Héctor Aranda
|
0-0: Ball 1-0: Ball 2-0: Ground out 4-3 (Groundball, 4MS, EV 67.5 MPH) Roberto Xochicale to third
|
Batting: SHB Carlos Román
|
0-0: Called Strike 0-1: Called Strike 0-2: Ball 1-2: Strikes out swinging
|
Batting: LHB Xiang-ling Zhou
|
0-0: Called Strike 0-1: Foul Ball, location: 2F 0-2: Fly out, F6 (Popup, P, EV 83.8 MPH)
|
Top of the 9th over - 0 runs, 1 hit, 0 errors, 1 left on base; Athletic Club KC 1 - Greenport 2 |
|